Map: [ESL] Alcyone

Players

Serral - Winner!

  • Race: Zerg Zerg
  • Spawn Location: 7:00

Oliveira

  • Race: Terran Terran
  • Spawn Location: 1:00

Event: ESL SC2 Masters 2023 Winter (Finals)

VOD

Have the link to the VOD?

Description

Time

  • Played on: Dec. 16, 2023, 7:35 p.m.
  • Length: 13:52

All games in this series

Show
View Real Time Build Order
Export as new Build Order

Serral Zerg - Winner!

Build Orders: Pool First 

Get SALT Encoding   

  12  0:00  Drone  
  13  0:11  Overlord  
  13  0:16  Drone  
  14  0:30  Drone x2  
  16  0:40  Spawning Pool  
  15  0:44  Drone  
  15  0:47  Drone  
  17  1:09  Hatchery  
  17  1:11  Drone  
  17  1:26  Zergling x4  
  17  1:28  Zergling x2  
  17  1:29  Queen  
  17  1:31  Extractor  
  21  1:37  Overlord  
  21  1:49  Drone  
  22  1:59  Drone  
  23  2:04  Queen  
  25  2:10  Drone  
  26  2:22  Drone x2, Queen  
  30  2:35  Metabolic Boost  
  30  2:36  Overlord  
  30  2:37  Drone x2  
  31  2:44  Overlord  
  31  2:46  Drone  
  31  2:47  Drone  
  32  2:58  Drone x2  
  32  3:00  Drone, Spore Crawler  
  34  3:10  Drone x2  
  36  3:18  Drone, Hatchery  
  37  3:20  Drone  
  37  3:23  Drone  
  37  3:26  Drone  
  37  3:27  Drone  
  40  3:28  Drone  
  40  3:29  Drone  
  42  3:36  Queen  
  42  3:40  Queen  
  46  3:45  Zergling x4  
  46  3:47  Zergling x4  
  50  3:51  Overlord  
  50  3:59  Zergling x2, Roach Warren  
  50  4:02  Drone x2  
  52  4:07  Overlord  
  52  4:10  Zergling x4  
  52  4:11  Drone x2  
  52  4:14  Drone  
  57  4:17  Queen  
  57  4:20  Drone  
  57  4:22  Overlord  
  60  4:25  Drone x2  
  60  4:30  Overlord  
  62  4:31  Drone  
  62  4:36  Drone x2  
  64  4:38  Overlord  
  64  4:39  Drone  
  64  4:44  Overlord  
  64  4:45  Drone  
  66  4:47  Extractor, Lair  
  66  4:51  Spore Crawler  
  64  4:53  Roach  
  64  4:55  Drone  
  69  5:02  Drone x5  
  69  5:04  Drone x2  
  75  5:07  Drone x4  
  75  5:12  Drone  
  80  5:16  Hatchery  
  80  5:17  Drone  
  81  5:21  Drone x2, Extractor  
  81  5:22  Extractor  
  81  5:25  Extractor  
  81  5:27  Drone x2, Evolution Chamber  
  81  5:28  Drone, Evolution Chamber  
  81  5:32  Overlord  
  81  5:33  Drone x2  
  81  5:34  Drone  
  83  5:36  Drone, Extractor  
  83  5:39  Drone  
  83  5:40  Drone x3  
  87  5:46  Drone x3  
  87  5:47  Overseer  
  87  5:48  Glial Reconstitution  
  90  5:53  Zerg Missile Weapons Level 1  
  90  5:54  Zerg Ground Armor Level 1  
  94  5:57  Roach x2  
  94  6:01  Roach x3  
  94  6:04  Overlord  
  100  6:07  Infestation Pit  
  100  6:09  Roach x2  
  103  6:13  Roach  
  103  6:14  Overlord x2  
  103  6:17  Overlord  
  105  6:19  Overlord  
  105  6:23  Drone x4  
  109  6:28  Drone x2  
  109  6:31  Baneling Nest  
  110  6:36  Drone x2  
  110  6:37  Queen  
  114  6:40  Overlord  
  114  6:41  Drone  
  114  6:42  Drone  
  124  6:47  Roach x6  
  124  6:48  Drone x2  
  124  6:52  Hive  
  128  6:54  Drone x2  
  128  6:58  Overlord  
  128  6:59  Roach x2  
  134  7:03  Roach x3  
  140  7:11  Drone  
  140  7:15  Roach x2, Centrifugal Hooks  
  145  7:16  Ravager x3  
  145  7:18  Overlord  
  148  7:23  Zergling x22  
  159  7:30  Roach  
  159  7:34  Roach x3  
  164  7:40  Drone, Spore Crawler  
  164  7:41  Drone  
  164  7:42  Spore Crawler  
  164  7:43  Pneumatized Carapace, Overseer  
  164  7:44  Overlord x4  
  164  7:50  Zerg Ground Armor Level 2  
  164  7:51  Zerg Melee Weapons Level 1  
  164  7:59  Zergling x18  
  164  8:01  Hatchery  
  172  8:10  Drone  
  172  8:11  Viper x2  
  179  8:13  Adrenal Glands  
  179  8:18  Zergling x8, Drone  
  184  8:21  Hatchery  
  184  8:23  Baneling x6  
  184  8:25  Hatchery  
  184  8:27  Overseer  
  182  8:28  Zergling x2  
  182  8:29  Zergling x14  
  190  8:35  Extractor  
  190  8:36  Baneling x7  
  190  8:41  Baneling x3  
  188  8:50  Zergling x2  
  188  8:51  Zergling x22  
  188  8:52  Baneling x6  
  188  8:53  Baneling x2  
  189  9:03  Zergling x20  
  199  9:11  Zergling x2  
  197  9:22  Overseer, Ultralisk Cavern  
  197  9:24  Baneling x8  
  196  9:25  Drone  
  196  9:27  Drone x2  
  199  9:35  Burrow  
  199  9:36  Overseer  
  193  9:47  Drone x2  
  193  9:48  Zerg Melee Weapons Level 2, Spore Crawler  
  193  9:49  Zergling x12  
  200  10:05  Baneling x12, Hatchery  
  200  10:06  Baneling x6  
  199  10:09  Hatchery  
  199  10:10  Chitinous Plating  
  199  10:12  Extractor  
  198  10:14  Drone x3  
  198  10:20  Zerg Ground Armor Level 3  
  196  10:28  Zergling x8  
  196  10:35  Zergling x12  
  189  10:48  Zergling x44, Ultralisk x2  
  184  10:54  Viper  
  170  10:59  Queen  
  170  11:00  Queen  
  170  11:02  Overseer  
  174  11:04  Zergling x24  
  174  11:07  Baneling x9  
  174  11:08  Hatchery  
  174  11:10  Zergling x12  
  191  11:13  Overlord  
  191  11:16  Baneling x12  
  191  11:19  Zergling x4  
  191  11:20  Zergling x2  
  194  11:30  Zergling x12  
  195  11:46  Zergling x32  
  197  11:58  Anabolic Synthesis  
  197  12:00  Drone x2  
  195  12:02  Zergling x10  
  195  12:07  Baneling x7  
  195  12:08  Baneling x6  
  200  12:33  Baneling x4  
  200  12:34  Baneling x2  
  200  12:42  Drone  
  199  12:51  Hydralisk Den  
  199  12:52  Spire  
  193  13:03  Zergling x6  
  193  13:04  Zergling x28  
  178  13:07  Zergling x34  
  178  13:08  Zergling x2  
  178  13:10  Viper x2  
  178  13:12  Overlord  
  186  13:14  Baneling x3  
  186  13:15  Baneling  
  186  13:17  Overlord  
  173  13:20  Zergling x30  
  173  13:24  Zergling x2  
  173  13:25  Zergling x8, Hatchery  
  173  13:26  Overlord  
  180  13:35  Zergling x24  
Show
View Real Time Build Order
Export as new Build Order

Oliveira Terran 

Build Orders: Reaper Expand 

Get SALT Encoding   

  12  0:00  SCV  
  13  0:12  SCV  
  14  0:17  Supply Depot  
  14  0:24  SCV  
  15  0:39  SCV  
  15  0:40  Barracks  
  16  0:44  Refinery  
  16  0:51  SCV  
  17  1:03  SCV  
  18  1:15  SCV  
  19  1:27  Orbital Command, Reaper  
  20  1:38  Command Center  
  20  1:46  Supply Depot  
  20  1:53  SCV  
  21  2:00  Marine  
  22  2:05  SCV  
  23  2:10  Factory  
  23  2:17  SCV  
  23  2:18  Marine  
  25  2:37  Barracks Reactor  
  25  2:40  SCV  
  26  2:49  Command Center  
  26  2:53  SCV  
  27  3:05  SCV  
  28  3:06  Orbital Command, Refinery  
  28  3:17  Hellion x2  
  28  3:19  Barracks Tech Lab  
  32  3:21  SCV  
  33  3:31  SCV  
  33  3:33  SCV  
  35  3:40  Hellion x2  
  39  3:44  Stimpack  
  39  3:45  SCV  
  39  3:46  SCV  
  41  3:49  Marine  
  42  3:57  SCV  
  42  3:58  SCV  
  44  4:03  Barracks  
  44  4:06  Orbital Command  
  44  4:09  SCV  
  45  4:10  Factory Reactor, SCV  
  45  4:13  Barracks  
  46  4:21  SCV  
  46  4:22  SCV  
  46  4:23  Marine  
  49  4:30  Engineering Bay x2  
  49  4:32  SCV  
  49  4:33  SCV  
  49  4:35  SCV, Supply Depot  
  52  4:43  Marine  
  52  4:44  SCV  
  54  4:45  SCV  
  54  4:47  SCV  
  54  4:50  Starport  
  54  4:51  Marine x2  
  54  4:52  Factory Reactor  
  58  4:56  SCV  
  58  4:58  Supply Depot, SCV  
  58  4:59  SCV  
  61  5:02  Terran Infantry Weapons Level 1  
  61  5:04  Terran Infantry Armor Level 1, Refinery  
  61  5:05  Marine  
  61  5:06  Orbital Command  
  62  5:07  Marine  
  62  5:08  Marine  
  62  5:12  Marine  
  65  5:17  Supply Depot  
  65  5:21  Supply Depot  
  65  5:24  SCV x2, Marine  
  65  5:25  Barracks  
  65  5:26  Barracks  
  65  5:27  Combat Shield  
  68  5:29  Marine  
  68  5:31  SCV  
  68  5:32  Marine  
  68  5:33  Marine  
  68  5:34  Factory Reactor  
  72  5:37  Medivac  
  72  5:38  Medivac  
  72  5:39  SCV  
  72  5:40  SCV  
  78  5:44  SCV  
  78  5:45  Marine, Refinery  
  78  5:46  Marine  
  78  5:47  Marine  
  82  5:50  Marine  
  82  5:51  SCV  
  82  5:53  SCV  
  82  5:56  SCV  
  86  5:58  Marine  
  86  6:01  Supply Depot x2  
  86  6:03  SCV  
  88  6:05  SCV  
  88  6:08  SCV, Marine  
  88  6:10  Marine  
  92  6:15  SCV  
  92  6:16  Barracks Reactor x2  
  93  6:22  Widow Mine, SCV x2, Medivac x2, Refinery  
  93  6:23  Marine x2, Widow Mine  
  93  6:24  Supply Depot  
  105  6:25  Armory  
  105  6:26  Marine  
  105  6:28  Marine  
  105  6:32  SCV  
  108  6:33  Marine  
  109  6:40  Factory  
  109  6:44  Marine  
  109  6:45  SCV x2  
  111  6:47  Marine x2  
  111  6:50  SCV  
  114  6:57  Command Center, SCV  
  114  6:58  Marine  
  114  7:01  Marine  
  116  7:05  Supply Depot x2  
  116  7:06  Siege Tank, Marine x2  
  116  7:08  Supply Depot  
  122  7:12  Liberator  
  125  7:18  Terran Infantry Weapons Level 2  
  125  7:21  Refinery  
  125  7:24  Factory Tech Lab  
  125  7:26  Liberator, Marine x2, Supply Depot, SCV x3  
  125  7:27  Marine  
  132  7:37  Marine x3  
  132  7:38  SCV  
  132  7:39  Marine, SCV  
  132  7:41  Siege Tank, Barracks Tech Lab  
  132  7:43  SCV  
  142  7:44  Terran Infantry Armor Level 2  
  142  7:49  Supply Depot  
  142  7:53  Siege Tank  
  142  7:55  Marine  
  146  8:01  Terran Vehicle Weapons Level 1  
  146  8:02  SCV  
  146  8:03  SCV x2  
  151  8:05  Marauder  
  151  8:06  Supply Depot  
  150  8:15  Barracks  
  150  8:16  Barracks, Siege Tank  
  150  8:17  Barracks  
  150  8:18  Marine, SCV x3  
  156  8:27  Marine x2  
  156  8:28  Marine x2  
  156  8:29  Siege Tank  
  156  8:32  Marine x2  
  165  8:44  Marine  
  165  8:45  Marauder, Marine  
  163  9:02  Marine  
  150  9:04  Siege Tank, Marine x2  
  150  9:05  Siege Tank  
  150  9:06  Marine  
  150  9:07  Marauder  
  150  9:08  Barracks Tech Lab x3  
  161  9:12  Marine x2  
  161  9:13  Planetary Fortress  
  161  9:14  Marine  
  161  9:15  Supply Depot  
  161  9:16  Supply Depot  
  158  9:17  Viking x2  
  158  9:19  SCV x2  
  158  9:22  SCV  
  165  9:26  Sensor Tower  
  165  9:29  Command Center  
  165  9:30  Marauder x2  
  169  9:34  Marauder  
  169  9:35  Marauder  
  169  9:36  Marine  
  172  9:42  Siege Tank  
  174  9:47  Marine x4  
  174  9:48  Terran Infantry Weapons Level 3  
  174  9:50  Siege Tank  
  174  9:52  Marauder x2  
  183  9:55  Viking x2  
  183  9:56  Marauder  
  183  9:58  Marauder  
  183  9:59  Marine x2  
  193  10:07  Refinery, Ghost Academy  
  193  10:08  Refinery  
  193  10:09  Marine  
  193  10:13  Marauder  
  196  10:19  Marine  
  197  10:27  Marine x3  
  197  10:28  Marine x2, Marauder x2  
  198  10:35  Marine  
  195  10:37  Siege Tank, Drilling Claws  
  195  10:40  Factory  
  197  10:47  Marine x2  
  197  10:48  Marauder  
  149  10:52  Siege Tank, Marine x2  
  149  10:53  Marauder x2  
  149  10:54  Ghost  
  149  10:55  Marine  
  149  10:56  Marine x3  
  143  11:01  Terran Infantry Armor Level 3  
  143  11:05  Marine x2  
  143  11:06  SCV  
  143  11:08  Ghost  
  143  11:10  Marine  
  149  11:18  Command Center, Ghost, Siege Tank  
  152  11:20  Ghost, Missile Turret  
  152  11:22  Missile Turret  
  156  11:25  Marine  
  156  11:28  Sensor Tower, Factory Reactor  
  156  11:30  Marauder  
  159  11:35  Planetary Fortress  
  159  11:37  Marauder  
  161  11:42  Refinery  
  161  11:43  Marine  
  161  11:44  Refinery  
  153  11:47  Marauder  
  153  11:48  Ghost  
  153  11:53  Siege Tank  
  155  11:55  Marine x2  
  155  11:57  Marine  
  155  12:00  Marauder, Marine  
  160  12:01  Siege Tank  
  160  12:07  Command Center  
  163  12:10  Widow Mine x2  
  167  12:16  Marauder x2  
  167  12:18  Supply Depot x2  
  171  12:23  Supply Depot  
  171  12:25  Marauder x2  
  171  12:26  Sensor Tower  
  171  12:27  Marine  
  176  12:31  Marine  
  176  12:36  Siege Tank  
  182  12:37  Widow Mine x2  
  182  12:38  Marauder  
  186  12:44  Ghost  
  186  12:47  Liberator  
  191  12:55  Command Center  
  143  13:10  SCV, Marine x2  
  143  13:11  Marauder  
  143  13:12  SCV x2  
  130  13:18  Marine  
  130  13:24  Marine  
  130  13:25  Marauder  
  127  13:28  Marine x2  
  127  13:29  Marauder  
  127  13:33  Marine x2  
Tags
 
Add a new tag
Caveats
  • Supply blocks, unpowered buildings, or Contaminate may cause inaccurate times.
  • Supply counts are checked every 10 seconds.